 Dungeon Crawl Stone Soup version 0.25-a0-1133-g93ebf73 (webtiles) character file.

Game seed: 1264638321502902369, levelgen mode: deterministic

3519 thirtiethelement the Blocker (level 9, -4/68 HPs)
             Began as a Demonspawn Abyssal Knight on May 21, 2020.
             Was a High Priest of Lugonu.
             Killed by divine providence
             ... invoked by an orc priest
              (15 damage)
             ... on level 9 of the Dungeon on May 22, 2020.
             The game lasted 00:47:59 (7605 turns).

thirtiethelement the Blocker (DsAK)                 Turns: 7605, Time: 00:48:00

Health: -4/68      AC: 14    Str: 15    XL:     9   Next: 81%
Magic:  10/10      EV:  2    Int: 13    God:    Lugonu [*****.]
Gold:   712        SH: 25    Dex: 20    Spells: 8/8 levels left

rFire    + . .     SeeInvis .   a - +1 falchion
rCold    + . .     Gourm    .   g - +1 tower shield {rF+}
rNeg     . . .     Faith    .   t - +0 plate armour
rPois    .         Spirit   .   (no helmet)
rElec    .         Reflect  .   K - +0 cloak
rCorr    .         Harm     .   E - +0 pair of gloves
MR       .....                  (no boots)
Stlth    ..........             y - amulet of regeneration
HPRegen  0.61/turn              e - ring of protection from cold
MPRegen  0.12/turn              r - +6 ring of dexterity

@: no status effects
A: hooves 1, large bone plates 3, demonic guardian 1, subdued magic 1
a: Depart the Abyss, Bend Space, Banish, Corrupt, Enter the Abyss, Renounce
Religion


You were on level 9 of the Dungeon.
You worshipped Lugonu.
Lugonu was extremely pleased with you.
You were hungry.

You visited 1 branch of the dungeon, and saw 9 of its levels.
You visited the Abyss 1 time.
You also visited: Sewer and Ossuary.

You collected 712 gold pieces.

Inventory:

Hand Weapons
 a - a +1 falchion (weapon)
Missiles
 b - 11 poisoned darts
 m - 6 atropa-tipped darts
 o - 5 javelins (quivered)
 B - 6 curare-tipped darts
Armour
 g - a +1 tower shield of fire resistance (worn)
 t - a +0 plate armour (worn)
 E - a +0 pair of gloves (worn)
 G - a +0 kite shield
 K - a +0 cloak (worn)
Magical Staves
 S - an uncursed staff of poison {unknown}
Jewellery
 e - a ring of protection from cold (left hand)
 f - an uncursed amulet of guardian spirit
 i - an uncursed ring of positive energy
 r - a +6 ring of dexterity (right hand)
 u - an uncursed amulet of magic regeneration
 y - an amulet of regeneration (around neck)
 D - a +6 ring of intelligence {unknown}
Wands
 C - a wand of iceblast (8)
 I - a wand of random effects (21)
 P - a wand of acid (7)
 R - a wand of flame (29)
 U - a wand of polymorph (6)
Scrolls
 d - 6 scrolls of magic mapping
 k - 2 scrolls of enchant weapon {unknown}
 p - 3 scrolls of identify
 s - 5 scrolls of teleportation
 v - a scroll of immolation {unknown}
 w - 6 scrolls of fog
 x - 3 scrolls of remove curse
 z - 3 scrolls of blinking {unknown}
 A - a scroll of holy word {unknown}
 H - a scroll of fear {unknown}
 N - a scroll of enchant armour {unknown}
 O - a scroll of summoning {unknown}
Potions
 h - a potion of lignification {unknown}
 l - 2 potions of berserk rage {unknown}
 q - 4 potions of mutation {unknown}
 F - 3 potions of might
 L - a potion of ambrosia {unknown}
 M - 2 potions of stabbing {unknown}
 Q - 3 potions of flight {unknown}
Comestibles
 c - 10 rations


   Skills:
 + Level 5.5 Fighting
 + Level 6.9 Long Blades
 + Level 4.9 Armour
 + Level 2.2 Dodging
 + Level 0.9 Stealth
 + Level 8.5 Shields
 + Level 2.4 Invocations
 + Level 0.1 Evocations


You had 8 spell levels left.
You didn't know any spells.
Your spell library was empty.

Dungeon Overview and Level Annotations

Branches:
Dungeon (9/15)             Temple (0/1) D:7             Orc (0/2) D:9
  Sewer (visited)         Ossuary (visited)
   Lair: D:8-11

Altars:
Ashenzari
Cheibriados
Dithmenos
Elyvilon
Okawaru
Ru
Sif Muna
Vehumet
Wu Jian
Yredelemnul

Shops:
D:5 }


Innate Abilities, Weirdness & Mutations

You have large cloven feet.
You are completely covered in large bone plates. (SH +8)
A weak demonic guardian rushes to your aid.
Your spells are a little easier to cast, but a little less powerful.


Message History

The orc warrior is almost dead.
You feel sick.
The orc warrior hits you with a +2 dire flail of venom!
* * * LOW HITPOINT WARNING * * *
You feel better. You block the orc warrior's attack.
Your shield and plate armour prevent you from hitting the orc warrior.
You kick the orc warrior, but do no damage.
The orc warrior is almost dead.
You block the orc warrior's attack.
Your shield and plate armour prevent you from hitting the orc warrior.
The orc warrior is almost dead.
The orc priest invokes the aid of Beogh against you.
Beogh smites you!
* * * LOW HITPOINT WARNING * * *
You block the orc warrior's attack.
You hit the orc warrior.
The orc warrior is almost dead.
The orc priest invokes the aid of Beogh against you.
Beogh smites you!
You die...

#..# ... #. #.## #.# #.
##### #.# #.# #.
......##)#### #.# ######.
.......((...# #.# #......
......##.##.######.###.#####
..... #)##.##..........#
......##..)5..........#.#
.....o..(##@##...#.##...####
......##(##o####.#.##.###.<.
o.........Zs# #.#.##.# #.##
......)...o# #.)....# #.##
.....#.......###.(.### #.##
.....#..##.#.# #.(.# #.##
...........#.# #.(.# #.##
........#..# # #...# #...
....>#.......###...########


You could see an orc warrior, a scorpion, an orc priest, a worker ant zombie and
a friendly quasit (summoned).

Vanquished Creatures
  A troll (D:9)
  A hippogriff (D:8)
  A wyvern (D:8)
  A sky beast (D:8)
  An ice beast (D:8)
  2 ogres
  2 centaurs
  2 crocodiles (D:9)
  An elf zombie (Ossuary)
  2 bullfrogs
  A wyvern skeleton (D:8)
  2 scorpions
  A killer bee (D:8)
  5 wights (D:9)
  A howler monkey (D:5)
  3 crimson imps
  A centaur zombie (D:6)
  3 hounds
  Crazy Yiuf (D:7)
  5 bullfrog skeletons
  A human zombie (Ossuary)
  An iguana (D:7)
  5 orc wizards
  5 worker ants
  2 killer bee zombies
  3 hound zombies (Ossuary)
  4 mummies (Ossuary)
  A howler monkey zombie (D:6)
  Robin (D:3)
  10 gnolls
  14 adders
  2 shadow imps
  2 oozes
  An adder zombie (Ossuary)
  An adder skeleton (D:7)
  2 worms
  A dart slug (D:4)
  9 leopard geckos
  18 orcs
  3 bats
  16 giant cockroaches
  10 goblins
  5 hobgoblins
  2 jackals (D:5)
  8 ball pythons
  10 frilled lizards
  A gnoll zombie (Ossuary)
  2 goblin zombies (Ossuary)
  A jackal zombie (Ossuary)
  8 kobolds
  A leopard gecko zombie (D:5)
  An orc zombie (Ossuary)
  A quokka skeleton (D:4)
  A quokka zombie (D:8)
  3 rats
  A rat zombie (D:8)
194 creatures vanquished.

Vanquished Creatures (collateral kills)
  A black bear (D:8)
  An ogre (D:8)
  3 centaurs
  2 bullfrogs
  A jelly (D:5)
  A scorpion (D:4)
  2 killer bees (D:8)
  A hound (D:8)
  A big kobold zombie (Ossuary)
  A hound skeleton (D:9)
  An adder (D:4)
  A shadow imp (D:8)
  An ooze (D:3)
  An orc (D:8)
  3 goblins (D:3)
  A hobgoblin (D:3)
  A bat (D:3)
  A kobold (D:3)
  2 rats (D:3)
26 creatures vanquished.

Grand Total: 220 creatures vanquished

Notes
Turn   | Place    | Note
-------+----------+-------------------------------------------
     0 | Abyss:1  | thirtiethelement the Demonspawn Abyssal Knight began the
                  | quest for the Orb.
     0 | Abyss:1  | Reached XP level 1. HP: 18/18 MP: 2/2
    46 | Abyss:1  | Noticed a neqoxec
    71 | Abyss:1  | Gained mutation: Your spells are a little easier to cast,
                  | but a little less powerful. [a neqoxec]
    73 | Abyss:1  | Noticed a sixfirhy
    74 | Abyss:2  | Found a corrupted altar of Lugonu.
   106 | Abyss:2  | Found a blossoming altar of Fedhas.
   110 | Abyss:2  | Noticed a wretched star
   112 | Abyss:2  | Noticed a soul eater
   113 | D:1      | Escaped the Abyss
   318 | D:1      | Reached * piety under Lugonu
   443 | D:1      | Reached skill level 1 in Dodging
   443 | D:1      | Gained mutation: You are partially covered in large bone
                  | plates. (SH +4) [demonic ancestry]
   443 | D:1      | Reached XP level 2. HP: 20/24 MP: 3/3
   976 | D:2      | Reached skill level 1 in Shields
   976 | D:2      | Gained mutation: A weak demonic guardian rushes to your
                  | aid. [demonic ancestry]
   976 | D:2      | Reached XP level 3. HP: 22/29 MP: 4/4
  1347 | D:2      | Gained mutation: You have large cloven feet. [demonic
                  | ancestry]
  1347 | D:2      | Reached XP level 4. HP: 22/35 MP: 5/5
  1354 | D:2      | Found a white marble altar of Elyvilon.
  1419 | D:2      | Found a basalt altar of Yredelemnul.
  1732 | D:3      | Reached skill level 2 in Shields
  2094 | D:3      | Noticed Robin
  2125 | D:3      | Gained mutation: You are mostly covered in large bone
                  | plates. (SH +6) [demonic ancestry]
  2125 | D:3      | Reached XP level 5. HP: 38/41 MP: 4/6
  2126 | D:3      | Reached ** piety under Lugonu
  2180 | D:3      | Killed Robin
  2458 | D:4      | Reached skill level 3 in Shields
  2471 | D:4      | Found a glowing drain.
  2491 | Sewer    | Entered a sewer
  2652 | Sewer    | Reached *** piety under Lugonu
  2778 | Sewer    | Gained mutation: You are completely covered in large bone
                  | plates. (SH +8) [demonic ancestry]
  2778 | Sewer    | Reached XP level 6. HP: 47/47 MP: 7/7
  2992 | D:4      | Reached skill level 4 in Shields
  3465 | D:4      | Found a radiant altar of Vehumet.
  3714 | D:5      | Entered Level 5 of the Dungeon
  3835 | D:5      | Reached XP level 7. HP: 44/53 MP: 8/8
  3855 | D:5      | Found Bogipex's Gadget Shop.
  4513 | D:6      | Reached skill level 5 in Shields
  4905 | D:6      | Found a shimmering blue altar of Sif Muna.
  5133 | D:6      | Found a snail-covered altar of Cheibriados.
  5136 | D:6      | Found an ornate altar of the Wu Jian Council.
  5141 | D:6      | Found a sacrificial altar of Ru.
  5443 | D:7      | Found a runed translucent door.
  5444 | D:7      | Noticed Crazy Yiuf
  5455 | D:7      | Killed Crazy Yiuf
  5619 | D:7      | Found a staircase to the Ecumenical Temple.
  5631 | D:7      | Reached XP level 8. HP: 57/60 MP: 9/9
  5952 | D:7      | Found a shadowy altar of Dithmenos.
  5994 | D:7      | Reached skill level 6 in Shields
  6124 | D:8      | Found a shattered altar of Ashenzari.
  6182 | D:8      | Found an iron altar of Okawaru.
  6206 | D:8      | Found a shattered altar of Ashenzari.
  6274 | D:8      | Reached skill level 5 in Long Blades
  6307 | D:8      | Noticed a hippogriff
  6340 | D:8      | Killed a hippogriff
  6452 | D:8      | Reached skill level 7 in Shields
  6463 | D:8      | Reached XP level 9. HP: 26/66 MP: 10/10
  6490 | D:8      | Reached **** piety under Lugonu
  6585 | D:8      | Found a sand-covered staircase.
  6592 | Ossuary  | Entered an ossuary
  6948 | D:8      | Reached skill level 5 in Fighting
  7271 | D:9      | Reached skill level 8 in Shields
  7406 | D:9      | Noticed a troll
  7422 | D:9      | Killed a troll
  7547 | D:9      | Identified the +10 fustibalus "Esojeol" {freeze, +Blink
                  | rElec rN+ SInv}
  7552 | D:9      | Found a staircase to the Orcish Mines.
  7553 | D:9      | Reached ***** piety under Lugonu
  7605 | D:9      | Killed from afar by an orc priest

Illustrated notes

Levels and vault maps discovered:
D:1:      dpeg_arrival_rooms_c, layout_basic
D:2:      layout_loops_ring, kennysheep_ying_yang
D:3:      layout_rooms, uniq_robin
D:4:      layout_gridville, old_standard_altar, gup_sewer_entry_pipe
D:5:      layout_gridville, first_ration, kennysheep_windowed_goal
D:6:      layout_loops_cross, grunt_temple_overflow_diamond,
          lemuel_blue_sif_altar
D:7:      layout_basic, nicolae_overflow_hidden_temple,
          minmay_temple_entry_ruins, uniq_crazy_yiuf_cottage
D:8:      hangedman_cross_stitches, layout_gridville, lemuel_doored_altar,
          kennysheep_mini_moat, basic_altar, enter_ossuary_4
D:9:      layout_loops_cross, david_orc_3, uniq_joseph

Skill      XL: |  1  2  3  4  5  6  7  8  9 |
---------------+----------------------------+-----
Armour         | 2 3 4 |  4.9
Dodging        | 1 2 |  2.2
Long Blades    | 2 3 4 5 6 |  6.9
Shields        | 1 2 3 4 5 7 8 |  8.5
Fighting       | 4 5 |  5.5
Stealth        | |  0.9
Invocations    | |  2.4
Evocations     | |  0.1

Action                   |  1- 3 |  4- 6 |  7- 9 || total
-------------------------+-------+-------+-------++-------
Melee: Falchion          |   127 |   359 |   679 ||  1165
       Kick              |       |    88 |   287 ||   375
Invok: Depart the Abyss  |     1 |       |       ||     1
Evoke: Wand              |       |       |     3 ||     3
  Use: Potion            |       |     5 |     5 ||    10
       Scroll            |       |     5 |       ||     5
 Stab: Distracted        |       |     1 |     3 ||     4
  Eat: Ration            |     1 |     2 |     4 ||     7
Armor: Leather armour    |     7 |       |       ||     7
       Ring mail         |    28 |       |       ||    28
       Plate armour      |       |   179 |   246 ||   425
Dodge: Dodged            |    30 |     8 |    21 ||    59
Block: Tower shield      |   128 |   423 |   800 ||  1351
       Rpst.: Falchion   |     7 |     3 |     9 ||    19

Table legend:
 A = Non-vault XP
 B = Vault XP
 C = Vault XP percentage of total XP
 D = Non-vault monster count
 E = Vault monster count
 F = Vault count percentage of total count
                 A         B        C        D         E       F
            +---------+---------+-------+---------+---------+-------
      Total |    3656 |    1372 |  27.3 |     146 |      74 |  33.6
            +---------+---------+-------+---------+---------+-------
        D:1 |      18 |       0 |   0.0 |      11 |       0 |   0.0
        D:2 |      85 |       0 |   0.0 |      17 |       0 |   0.0
        D:3 |     162 |      33 |  16.9 |      31 |      11 |  26.2
        D:4 |     192 |      23 |  10.7 |      11 |       9 |  45.0
        D:5 |     167 |      55 |  24.8 |      11 |       2 |  15.4
        D:6 |     364 |       0 |   0.0 |      16 |       0 |   0.0
        D:7 |     343 |      41 |  10.7 |       9 |       1 |  10.0
        D:8 |    1165 |     714 |  38.0 |      24 |      11 |  31.4
        D:9 |    1160 |      44 |   3.7 |      16 |       4 |  20.0
      Sewer |       0 |     184 | 100.0 |       0 |      20 | 100.0
    Ossuary |       0 |     278 | 100.0 |       0 |      16 | 100.0
            +---------+---------+-------+---------+---------+-------
